 Dungeon Crawl Stone Soup version 0.20-a0-1025-g4706f7e (webtiles) character file.

57 IKeelU3 the Magician (level 4, -1/30 HPs)
             Began as a Gnoll Wizard on Apr 19, 2017.
             Killed from afar by a dart slug (2 damage)
             ... with a slug dart
             ... on level 4 of the Dungeon.
             The game lasted 00:04:01 (1457 turns).

IKeelU3 the Magician (Gnoll Wizard)                 Turns: 1457, Time: 00:04:02

Health: -1/30      AC:  3    Str: 11    XL:     4   Next: 0%
Magic:  0/10       EV: 18    Int: 19    God:
Gold:   101        SH:  0    Dex: 17    Spells: 11/12 levels left

rFire    . . .     SeeInvis .   j - +2 dagger (venom)
rCold    . . .     Gourm    .   (no shield)
rNeg     . . .     Faith    .   a - +0 robe
rPois    .         Spirit   +   b - +1 hat
rElec    .         Reflect  .   (no cloak)
rCorr    .         Harm     .   (no gloves)
MR       .....                  (no boots)
Stlth    +++.......             u - amulet of guardian spirit
Regen    0.1/turn               (no ring)
MPRegen  0.2/turn               (no ring)

@: mighty, agile, lethally poisoned (-1 -> -10), flying
A: short attention span, fangs 1, strong nose
a: no special abilities


You were on level 4 of the Dungeon.
You were hungry.

You visited 1 branch of the dungeon, and saw 4 of its levels.

You collected 101 gold pieces.

Inventory:

Hand Weapons
 i - a +0 mace
 j - a +2 dagger of venom (weapon)
 t - a +0 dagger of protection
Armour
 a - a +0 robe (worn)
 b - a +1 hat (worn)
Jewellery
 u - an amulet of guardian spirit (around neck)
Scrolls
 e - a scroll of teleportation
 m - a scroll of blinking {unknown}
 p - a scroll of recharging {unknown}
 r - 2 scrolls of identify {unknown}
Potions
 f - a potion of flight
 l - a potion of berserk rage {unknown}
 o - a potion of might
 q - a potion of invisibility {unknown}
 s - a potion of curing {unknown}
Books
 c - a book of Minor Magic

   Spells                             Type                      Level
   a - Magic Dart                     Conjuration                  1
   b - Blink                          Translocation                2
   c - Call Imp                       Summoning                    2
   d - Slow                           Hexes                        2
   e - Conjure Flame                  Conjuration/Fire             3
   f - Mephitic Cloud                 Conjuration/Poison/Air       3
Comestibles
 d - 7 bread rations
 h - 2 meat rations
 k - 4 chunks of flesh


   Skills:
 + Level 4.2 Short Blades
 - Level 3.0 Dodging
 - Level 2.6 Stealth
 - Level 4.8 Spellcasting
 - Level 3.1 Conjurations
   Level 1.5 Summonings
   Level 1.5 Translocations


You had 11 spell levels left.
You knew the following spells:

 Your Spells              Type           Power        Failure   Level  Hunger
a - Magic Dart            Conj           ###.         3%          1    None


Dungeon Overview and Level Annotations

Branches:
Dungeon (4/15)
 Temple: D:4-7

Altars:

Annotations:
D:3 IKeelU3's ghost, amateur GnWz


Innate Abilities, Weirdness & Mutations

You have a short attention span.
You have very sharp teeth.
Your uncanny sense of smell can sniff out nearby items.


Message History

The adder is heavily wounded.
The adder bites you.
* * * LOW HITPOINT WARNING * * *
It was a potion of flight.
You feel very buoyant.
You fly up into the air.
The adder bites you.
* * * LOW HITPOINT WARNING * * *
It was a potion of might.
You feel very mighty all of a sudden. The adder bites you.
* * * LOW HITPOINT WARNING * * *
You are more poisoned.
The adder poisons you!
It was a potion of agility.
You feel agile all of a sudden.
* * * LOW HITPOINT WARNING * * *
You feel sick. The adder bites you. The dart slug launches a dart at you.
The slug dart hits you!
You die...

##.#.#..
..#.#.#
#.....# .
#.#...#
..#.....#
........#
∆
.#..)..S#
#.....<@#
#.##w...#
#........
######...w
......
##......
###..$..
.....#


You could see an adder and 2 dart slugs.

Vanquished Creatures
  2 adders
  2 worms
  A leopard gecko (D:1)
  A giant cockroach (D:2)
  A goblin (D:2)
  3 hobgoblins
  3 jackals (D:2)
  2 ball pythons (D:1)
  5 bats
  4 frilled lizards (D:2)
  6 kobolds
  3 rats (D:1)
33 creatures vanquished.

Notes
Turn   | Place    | Note
-------+----------+-------------------------------------------
     0 | D:1      | IKeelU3 the Gnoll Wizard began the quest for the Orb.
     0 | D:1      | Reached XP level 1. HP: 13/13 MP: 6/6
   242 | D:1      | Reached XP level 2. HP: 19/19 MP: 4/7
   316 | D:1      | Reached skill level 1 in Short Blades
   789 | D:2      | Reached XP level 3. HP: 24/24 MP: 5/9
  1433 | D:3      | Reached XP level 4. HP: 23/30 MP: 3/10
  1442 | D:3      | Noticed IKeelU3's ghost (amateur GnWz)
  1457 | D:4      | HP: 1/30 [poisoned by an adder]
  1457 | D:4      | Killed from afar by a dart slug

Vault maps used:
D:1:      roderic_crop_circles_arrival_small, solitary_fountain,
          hangedman_decor_push
D:2:      first_bread, hex_large
D:3:      portal_sewer_entry_d
D:4:      nicolae_overflow_hidden_temple, temple_doors_cd, minivault_4

Skill      XL: |  1  2  3 |
---------------+----------+-----
Conjurations   | 3 |  3.1
Short Blades   | 2 4 |  4.2
Dodging        | |  3.0
Stealth        | |  2.6
Spellcasting   | |  4.8
Summonings     | |  1.5
Translocations | |  1.5

Action                   |  1- 3 |  4- 6 || total
-------------------------+-------+-------++-------
Melee: Dagger            |    30 |     4 ||    34
       Bite              |     1 |       ||     1
 Cast: Magic Dart        |    57 |     2 ||    59
  Use: Scroll            |     3 |       ||     3
       Potion            |       |     3 ||     3
  Eat: Chunk             |     1 |       ||     1
Armor: Robe              |     3 |       ||     3
Dodge: Dodged            |    21 |     3 ||    24
